 Dungeon Crawl Stone Soup version 0.32-a0-35-gd9ff480968 (webtiles) character file.

Game seed: 6875615781343917671

259 Atlas the Firebug (level 5, -3/35 HPs)
             Began as a Demonspawn Fire Elementalist on Jan 22, 2024.
             Slain by an orc
             ... wielding a +0 dagger
              (4 damage)
             ... on level 4 of the Dungeon.
             The game lasted 00:04:13 (3487 turns).

Atlas the Firebug (Demonspawn Fire Elementalist)    Turns: 3487, Time: 00:04:14

Health: -3/35      AC:  5    Str:  8    XL:     5   Next: 94%
Magic:  0/10       EV: 11    Int: 18    God:
Gold:   230        SH:  0    Dex: 13    Spells: 8/11 levels left

rFire   . . .        n - +2 dagger (venom)
rCold   . . .        (no shield)
rNeg    . . .        g - +0 leather armour
rPois   .            (no helmet)
rElec   .            (no cloak)
rCorr   .            (no gloves)
SInv    .            (no boots)
Will    +....        (no amulet)
Stlth   ++           a - ring of willpower
HPRegen 0.25/turn    (no ring)
MPRegen 0.24/turn

%: guardian spirit
@: attractive
A: slimy green scales 1, magic shield, magic regeneration
a: no special abilities


You were on level 4 of the Dungeon.
You visited 1 branch of the dungeon, and saw 4 of its levels.

You collected 230 gold pieces.

Inventory:

Hand Weapons
 n - a +2 dagger of venom (weapon)
Armour
 g - a +0 leather armour (worn)
Jewellery
 a - a ring of willpower (left hand)
 s - an amulet of faith
Scrolls
 c - 2 scrolls of blinking {unknown}
 d - 4 scrolls of fear {unknown}
 e - a scroll of teleportation {unknown}
 i - a scroll of revelation {unknown}
 j - a scroll of immolation {unknown}
 k - a scroll of silence {unknown}
 l - a scroll of enchant weapon {unknown}
 o - 2 scrolls of identify {unknown}
 q - 2 scrolls of amnesia {unknown}
 t - a scroll of vulnerability {unknown}
Potions
 b - a potion of magic
 f - a potion of brilliance {unknown}
 h - a potion of haste {unknown}
 m - a potion of might {unknown}
 p - a potion of attraction
 r - a potion of resistance {unknown}
 u - a potion of ambrosia {unknown}


   Skills:
 + Level 0.1 Fighting
 + Level 0.1 Short Blades
 + Level 1.5 Armour
 + Level 2.0 Dodging
 + Level 2.0 Stealth
 + Level 3.5 Spellcasting
 + Level 2.6 Conjurations
 + Level 4.0 Fire Magic


You had 8 spell levels left.
You knew the following spells:

 Your Spells              Type           Power      Damage    Failure   Level
a - Scorch                Fire           34%        2d6       6%          2
b - Foxfire               Conj/Fire      60%        2x1d7     5%          1

Your spell library contained the following spells:

 Spells                   Type           Power      Damage    Failure   Level
 Freeze                   Ice            12%        1d3       22%         1
 Inner Flame              Hex/Fire       10%        N/A       28%         3
 Volatile Blastmotes      Fire/Tloc      20%        2d11      28%         3
 Hailstorm                Conj/Ice       7%         3d5       36%         3
 Flame Wave               Conj/Fire      15%        2d7       47%         4
 Frozen Ramparts          Ice            6%         1d1       54%         3
 Fugue of the Fallen      Necr           3%         N/A       54%         3
 Ozocubu's Armour         Ice            3%         N/A       54%         3
 Manifold Assault         Tloc           3%         N/A       91%         4


Dungeon Overview and Level Annotations

Branches:
Dungeon (4/15)
 Temple: D:4-7

Altars:
Kikubaaqudgha
Sif Muna
Xom

Shops:
D:1 [[:=[   D:2 !


Innate Abilities, Weirdness & Mutations

You are partially covered in slimy green scales. (AC +2)
When hurt, damage is shared between your health and your magic reserves.
You regenerate magic rapidly.


Message History

You hit the orc priest but do no damage.
The orc priest looks even sicker.
The orc priest is moderately wounded.
The orc barely misses you. The orc priest barely misses you.
You hit the orc priest but do no damage.
The orc priest looks as sick as possible!
The orc priest is heavily wounded.
The orc barely misses you.
The orc priest hits you with a +0 flail.
You hit the orc priest but do no damage.
The orc priest looks as sick as possible!
The orc priest is severely wounded.
The orc hits you with a +0 dagger. The orc priest closely misses you.
You hit the orc priest but do no damage.
The orc priest looks as sick as possible!
The orc priest is severely wounded.
The orc closely misses you.
The orc priest hits you with a +0 flail!
* * * LOW HITPOINT WARNING * * *
Unknown command.
Casting: Scorch (safe; 6% risk of failure)
Confirm with . or Enter, or press ? or * to list all spells.
You don't have enough magic to cast this spell.
You are too injured to fight recklessly!
You hit the orc priest but do no damage.
The orc priest looks as sick as possible!
The orc priest is almost dead.
The orc closely misses you. The orc priest barely misses you.
Unknown command.
You barely miss the orc priest.
The orc priest is almost dead.
The orc completely misses you.
The orc priest hits you with a +0 flail!
* * * LOW HITPOINT WARNING * * *
Unknown command.
It was a potion of attraction.
You feel attractive to monsters.
You kill the orc priest!
The orc hits you with a +0 dagger.
You die...

.# ... .# ...# .## # .....
### ##..## # .....#
#.#####)...###. # ......#
#...........#.#
.....).##...#.#.#.....#
..(...).#.#..........####
.......o@)..#.#.#..#.....
############........###.###
#§§§≈≈≈≈§≈≈#..#.#)#.#
#≈§..§.[..≈#........# #.
#≈.8§§≈≈8.≈#......### #.##
#≈.≈§§≈§§.§#......# #..##
#≈.≈≈##≈§.≈#......#####....
#§§§≈##§≈.≈##.......#....>#
#§.≈≈≈≈≈≈.≈#..............#


You could see an orc.

Vanquished Creatures
  An ogre (D:4)
  An orc priest (D:4)
  Jessica (D:2)
  4 gnolls (D:4)
  3 adders
  A dart slug (D:3)
  A ribbon worm (D:2)
  7 orcs
  7 ball pythons
  6 endoplasms
  3 giant cockroaches (D:3)
  7 goblins
  5 hobgoblins
  2 jackals (D:2)
  9 kobolds
  3 quokkas
  5 bats
  3 frilled lizards
  6 rats
75 creatures vanquished.

Vanquished Creatures (others)
  A human (D:3)
  292 foxfires
293 creatures vanquished.

Grand Total: 368 creatures vanquished

Notes
Turn   | Place    | Note
-------+----------+-------------------------------------------
     0 | D:1      | Atlas the Demonspawn Fire Elementalist began the quest for
                  | the Orb.
     0 | D:1      | Reached XP level 1. HP: 13/13 MP: 3/3
    18 | D:1      | Found Timaemy's Armour Boutique.
   270 | D:1      | Reached skill level 3 in Fire Magic
   488 | D:1      | Gained mutation: You regenerate magic rapidly. [demonic
                  | ancestry]
   488 | D:1      | Reached XP level 2. HP: 19/19 MP: 0/5
   564 | D:1      | Found Zomacwin's Jewellery Boutique.
   596 | D:1      | Found Tugrakk's Armour Boutique.
   736 | D:1      | Found Yroulautt's Armour Shoppe.
   811 | D:1      | Found Lear's Book Boutique.
  1104 | D:2      | Gained mutation: You are partially covered in slimy green
                  | scales. (AC +2) [demonic ancestry]
  1104 | D:2      | Reached XP level 3. HP: 24/24 MP: 1/6
  1295 | D:2      | Found Itekuakhlor's Distillery.
  1746 | D:2      | Noticed Jessica
  1751 | D:2      | Killed Jessica
  1752 | D:2      | Gained mutation: When hurt, damage is shared between your
                  | health and your magic reserves. [demonic ancestry]
  1752 | D:2      | Reached XP level 4. HP: 30/30 MP: 3/8
  1895 | D:2      | Learned a level 2 spell: Scorch
  2231 | D:3      | Found an ancient bone altar of Kikubaaqudgha.
  2233 | D:3      | Noticed a human
  2234 | D:3      | Killed a human
  2399 | D:3      | Found a shimmering altar of Xom.
  2401 | D:3      | Found a shimmering blue altar of Sif Muna.
  2501 | D:3      | Reached skill level 1 in Armour
  2984 | D:4      | Reached XP level 5. HP: 29/35 MP: 0/9
  3409 | D:4      | Noticed an ogre
  3419 | D:4      | Killed an ogre
  3420 | D:4      | Reached skill level 4 in Fire Magic
  3486 | D:4      | HP: 1/35 [orc priest/+0 flail (6)]
  3487 | D:4      | Slain by an orc

Illustrated notes

Levels and vault maps discovered:
D:1:      eino_arrival_druids_welcome, layout_basic, serial_shops, shop, shop,
          shop, shop, shop, kennysheep_boxes
D:2:      layout_basic, serial_shops, nicolae_shop_tiny_glass, uniq_jessica
D:3:      layout_basic, tgw_kikubaaqudgha,
          chequers_temple_overflow_statue_of_worship
D:4:      layout_layer_cave, serial_co_window_serial, co_window_paths_a,
          co_window_paths_b, co_window_of_opportunity_a, co_window_paths_a,
          co_window_paths_a, co_window_cross_4, co_window_2corner,
          co_window_of_opportunity_b, co_window_of_opportunity_c,
          co_window_of_opportunity_b, co_window_2corner, co_window_corner_b,
          co_window_sun, glass_columns_b, glass_columns_b, glass_columns_c,
          glass_columns_a, kennysheep_pointless_box

Skill      XL: |  1  2  3  4  5 |
---------------+----------------+-----
Fire Magic     | 3 4 |  4.0
Conjurations   | 2 |  2.6
Armour         | 1 |  1.5
Spellcasting   | 3 |  3.5
Dodging        | 2 |  2.0
Stealth        | 2 |  2.0
Fighting       | |  0.1
Short Blades   | |  0.1

Action                     |  1- 3 |  4- 6 || total
---------------------------+-------+-------++-------
  Melee: Unarmed           |    13 |       ||    13
         Punch             |     1 |       ||     1
         Dagger            |       |    25 ||    25
   Cast: Foxfire           |    73 |    96 ||   169
         Scorch            |       |     9 ||     9
    Use: Potion            |       |     1 ||     1
   Stab: Sleeping          |       |     2 ||     2
 Armour: Leather armour    |    15 |    16 ||    31
  Dodge: Dodged            |    20 |    20 ||    40

Table legend: (Time is in decaauts)
 A = Elapsed time spent in this place.
 B = Non-inter-level travel time spent in this place.
 C = Inter-level travel time spent in this place.
 D = Time resting spent in this place.
 E = Time spent auto-exploring this place.
 F = Levels seen in this place.
 G = Mean time per level.
                   A        B        C        D        E       F      G
               +--------+--------+--------+--------+--------+-----+--------+
         Total |   3507 |   3420 |     87 |      2 |   2959 |   4 |  876.8 |
       Dungeon |   3507 |   3420 |     87 |      2 |   2959 |   4 |  876.8 |
               +--------+--------+--------+--------+--------+-----+--------+

Top non-repeatable levels by time:
     D:1: 988 daAuts
     D:2: 937 daAuts
     D:3: 900 daAuts
     D:4: 680 daAuts
